 Dungeon Crawl Stone Soup version 0.19.1-1-g22dce08 (webtiles) character file.

8712 esteth the Cleaver (level 11, -5/96 HPs)
             Began as a Deep Dwarf Fighter on Dec 30, 2016.
             Was an Elder of Makhleb.
             Slain by a crocodile (7 damage)
             ... on level 2 of the Lair of Beasts.
             The game lasted 00:26:58 (7475 turns).

esteth the Cleaver (Deep Dwarf Fighter)             Turns: 7475, Time: 00:26:59

Health: -5/96      AC: 17    Str: 22    XL:     11   Next: 13%
Magic:  14/14      EV:  4    Int: 10    God:    Makhleb [****..]
Gold:   705        SH: 11    Dex: 12    Spells: 0 memorised, 10 levels left

rFire  . . .     SeeInvis .     a - +0 war axe
rCold  . . .     Gourm    +     o - +1 plate armour
rNeg   . . .     Faith    .     F - +2 shield
rPois  .         Spirit   .     (no helmet)
rElec  .         Reflect  .     (no cloak)
rCorr  .         Harm     .     y - +0 pair of gloves
MR     +....                    (no boots)
Stlth  ..........               s - amulet of the gourmand
                                (no ring)
                                L - +3 ring of protection

@: non-regenerating
A: damage resistance, recharge devices, sense surroundings 2, slow regeneration
3
a: Device Recharging, Minor Destruction, Lesser Servant of Makhleb, Major
Destruction, Renounce Religion


You were on level 2 of the Lair of Beasts.
You worshipped Makhleb.
Makhleb was greatly pleased with you.
You were completely stuffed.

You visited 3 branches of the dungeon, and saw 11 of its levels.
You also visited: Sewer.

You collected 705 gold pieces.

Inventory:

Hand Weapons
 a - a +0 war axe (weapon)
Armour
 c - a +0 shield
 o - a +1 plate armour (worn)
 y - a +0 pair of gloves (worn)
 F - a +2 shield (worn)
Rods
 Q - a +1 rod of ignition (13/13)
   (You found it on level 8 of the Dungeon)
Jewellery
 s - an amulet of the gourmand (around neck)
 t - an uncursed ring of fire
 u - a +2 amulet of reflection {unknown}
 H - the ring "Zatum" {rPois MR++ Slay-4 SInv}
   (You found it in a sewer)

   [ring of poison resistance]

   It affects your accuracy and damage with ranged weapons and melee attacks
   (-4).
   It protects you from poison.
   It affects your resistance to hostile enchantments.
   It lets you see invisible.
 L - a +3 ring of protection (left hand)
 S - an uncursed ring of fire
Wands
 e - a wand of heal wounds (3/9)
 E - a wand of flame (18/48)
 G - a wand of flame (0/48)
 N - a wand of acid (5/15)
 O - a wand of acid (3/15)
 T - a wand of flame (28/48)
 U - a wand of slowing (22/48)
Scrolls
 i - 8 scrolls of remove curse
 p - 11 scrolls of identify
 r - 3 scrolls of fear
 v - 3 scrolls of teleportation
 x - 4 scrolls of amnesia
Potions
 b - a potion of mutation {unknown}
 d - a potion of might
 g - 2 potions of lignification {unknown}
 k - 3 potions of berserk rage
 l - a potion of haste {unknown}
 m - 3 potions of flight {unknown}
 n - 4 potions of curing {unknown}
 q - 2 potions of heal wounds {unknown}
 A - 2 potions of invisibility {unknown}
 I - 4 potions of degeneration {unknown}
 J - a potion of beneficial mutation {unknown}
 K - 4 potions of brilliance {unknown}
 M - a potion of resistance {unknown}
 P - a potion of cure mutation {unknown}
 R - a potion of magic {unknown}
 Z - a potion of experience {unknown}
Books
 C - a book of Minor Magic

   Spells                             Type                      Level
   a - Magic Dart                     Conjuration                  1
   b - Blink                          Translocation                2
   c - Call Imp                       Summoning                    2
   d - Repel Missiles                 Charms/Air                   2
   e - Slow                           Hexes                        2
   f - Conjure Flame                  Conjuration/Fire             3
   g - Mephitic Cloud                 Conjuration/Poison/Air       3
 V - a book of Power

   Spells                             Type                      Level
   a - Fulminant Prism                Conjuration/Hexes            4
   b - Iskenderun's Mystic Blast      Conjuration                  4
   c - Venom Bolt                     Conjuration/Poison           5
   d - Bolt of Magma                  Conjuration/Fire/Earth       5
   e - Iron Shot                      Conjuration/Earth            6
   f - Orb of Destruction             Conjuration                  7
   g - Spellforged Servitor           Conjuration/Summoning        7
 Y - a book of Enchantments

   Spells                             Type                      Level
   a - Cause Fear                     Hexes                        4
   b - Yara's Violent Unravelling     Hexes/Transmutation          5
   c - Silence                        Hexes/Air                    5
   d - Deflect Missiles               Charms/Air                   6
   e - Discord                        Hexes                        8
Miscellaneous
 W - a lamp of fire
Comestibles
 f - 8 bread rations
 h - a slice of pizza
 j - 4 meat rations
 w - a beef jerky
 z - 2 royal jellies
 D - 9 fruits


   Skills:
 + Level 5.4 Fighting
 + Level 13.4 Axes
 - Level 5.1 Armour
 - Level 3.2 Shields
 - Level 10.0 Invocations
 - Level 8.5 Evocations


You had 10 spell levels left.
You didn't know any spells.

Dungeon Overview and Level Annotations

Branches:
Dungeon (8/15)             Temple (1/1) D:4            Lair (2/6) D:8
  Swamp (0/4) Lair:2
  Snake: Lair:2-4    Spider: Lair:2-4

Altars:
Ashenzari
Dithmenos
Elyvilon
Fedhas
Makhleb
Qazlal
Sif Muna
Uskayaw
Vehumet
Xom

Shops:
D:5 ?   D:8 %

Annotations:
D:4 1 exclusion


Innate Abilities, Weirdness & Mutations

You are resistant to damage.
You can recharge devices by infusing magical energy.
You passively map the area around you.
You do not regenerate.


Message History

You closely miss the tyrant leech.
The crocodile bites you but does no damage.
The tyrant leech bites you!
* * * LOW HITPOINT WARNING * * *
The tyrant leech draws strength from your injuries!
You closely miss the crocodile.
The crocodile is moderately wounded.
Your shield and plate armour prevent you from hitting the tyrant leech.
The crocodile bites you!
* * * LOW HITPOINT WARNING * * *
Your shield and plate armour prevent you from hitting the crocodile.
The crocodile is lightly wounded.
You completely miss the tyrant leech. You block the tyrant leech's attack.
The crocodile bites you but does no damage.
Evoke which item? (* to show all) (? for menu, Esc to quit)
Okay, then.
Charge which item? (? for menu, Esc to quit)
Your wand of heal wounds (0/9) glows for a moment and now has 3 charges.
The crocodile bites you!
You die...

*<..,,,,P...#*#.........#
,,...,,,#...###........P#
*,....,##....*#...PP....#
,,*#..##....###.###.....#
,,###..#....##...##.....#
,,.....................##
,,%....................#
,,.....................#
,,........(...wt@......#
,,.........##PP..P..##.#*
,,.........####.#####*,.*
*,P.P##P..!#**#.#,***,,**
**P.#*#P...#*,.[.,,*,,,**
,*.,,,##...#*#....,,,,,,*
,,,,,,*#...#*.#....*,,,,*
***,,**#...*##.#.###,*,,*
,*,,****,,,,*,****,***,,*


You could see a tyrant leech and a crocodile.

Vanquished Creatures
  A hydra (Lair:2)
  Erica (D:8)
  Joseph (D:8)
  A spiny frog (Lair:2)
  A komodo dragon (Lair:1)
  A hippogriff (Lair:2)
  The ghost of Brusher the Covert, an amateur OpAs (D:4)
  11 yaks
  Eustachio (D:6)
  The ghost of Haldmier the Ruffian, an amateur VSTm (Sewer)
  4 porcupines (D:8)
  An orc warrior (D:7)
  A phantom (D:6)
  2 sky beasts
  An ice beast (D:6)
  An ogre (D:8)
  10 wolves (Lair:1)
  3 crocodiles
  4 bullfrogs
  A gnoll sergeant (D:6)
  2 scorpions
  4 howler monkeys
  3 crimson imps
  4 hounds
  A jelly (D:8)
  3 orc priests
  A centaur skeleton (D:3)
  2 iguanas (D:7)
  5 orc wizards
  4 worker ants
  A hound skeleton (D:5)
  15 adders
  20 gnolls
  A howler monkey skeleton (D:8)
  5 river rats
  A shadow imp (D:5)
  An ooze (D:1)
  An adder zombie (D:6)
  3 worms
  A dart slug (D:1)
  7 leopard geckos
  13 orcs
  3 ball pythons
  13 giant cockroaches
  3 hobgoblins
  4 jackals
  7 kobolds
  A quokka (D:5)
  3 bats (D:1)
  4 frilled lizards
  A giant cockroach zombie (D:6)
  5 goblins
  13 rats
  A plant (Lair:1)
204 creatures vanquished.

Vanquished Creatures (collateral kills)
  Nergalle (Lair:2)
  A spiny frog (Lair:2)
  3 yaks (Lair:2)
  A bullfrog (Lair:2)
6 creatures vanquished.

Vanquished Creatures (others)
  3 fungi (Lair:2)
  3 plants
6 creatures vanquished.

Grand Total: 216 creatures vanquished

Notes
Turn   | Place    | Note
-------+----------+-------------------------------------------
     0 | D:1      | esteth the Deep Dwarf Fighter began the quest for the Orb.
     0 | D:1      | Reached XP level 1. HP: 20/20 MP: 1/1
   134 | D:1      | Reached skill level 3 in Axes
   134 | D:1      | Reached XP level 2. HP: 27/27 MP: 2/2
   809 | D:2      | Reached XP level 3. HP: 29/33 MP: 3/3
   854 | D:2      | Reached skill level 4 in Axes
  1165 | D:3      | Reached skill level 5 in Axes
  1165 | D:3      | Reached XP level 4. HP: 22/40 MP: 4/4
  1204 | D:3      | Reached skill level 1 in Evocations
  1473 | D:3      | Found a stormy altar of Qazlal.
  1903 | D:4      | Reached XP level 5. HP: 42/46 MP: 6/6
  1954 | D:4      | Noticed Brusher's ghost (amateur OpAs)
  2190 | D:4      | Found a staircase to the Ecumenical Temple.
  2207 | Temple   | Entered the Ecumenical Temple
  2237 | Temple   | Became a worshipper of Makhleb the Destroyer
  2434 | D:4      | Killed Brusher's ghost
  2434 | D:4      | Reached skill level 6 in Axes
  2434 | D:4      | Reached XP level 6. HP: 28/55 MP: 6/9
  2436 | D:5      | Entered Level 5 of the Dungeon
  2501 | D:5      | Noticed a sky beast
  2526 | D:5      | Killed a sky beast
  2550 | D:5      | Found Vinieh's Magic Scroll Shop.
  2647 | D:5      | Reached XP level 7. HP: 33/61 MP: 10/10
  2728 | D:5      | Found a stormy altar of Qazlal.
  2750 | D:5      | Reached skill level 7 in Axes
  2894 | D:5      | Reached * piety under Makhleb
  2906 | D:5      | Found a glowing drain.
  2913 | Sewer    | Entered a sewer
  2913 | Sewer    | Noticed Haldmier's ghost (amateur VSTm)
  2927 | Sewer    | Killed Haldmier's ghost
  2927 | Sewer    | Reached skill level 5 in Armour
  3203 | Sewer    | Reached skill level 5 in Evocations
  3212 | Sewer    | Got a transparent pewter ring
  3214 | Sewer    | Identified the ring "Zatum" {rPois MR++ Slay-4 SInv} (You found it in a sewer)
  3512 | D:5      | Reached skill level 8 in Axes
  3634 | D:5      | Reached XP level 8. HP: 49/68 MP: 11/11
  3689 | D:5      | Reached ** piety under Makhleb
  4123 | D:6      | Reached skill level 9 in Axes
  4336 | D:6      | Found a hide-covered altar of Uskayaw.
  4342 | D:6      | Noticed Eustachio
  4365 | D:6      | Killed Eustachio
  4712 | D:6      | Found a deep blue altar of Sif Muna.
  4773 | D:7      | Found a shadowy altar of Dithmenos.
  4882 | D:7      | Reached skill level 1 in Invocations
  5124 | D:7      | Gained mutation: You passively map the area around you. [Deep Dwarf growth]
  5124 | D:7      | Reached XP level 9. HP: 31/74 MP: 14/14
  5125 | D:7      | Reached *** piety under Makhleb
  5242 | D:7      | Found a white marble altar of Elyvilon.
  5356 | D:7      | Reached skill level 10 in Axes
  5753 | D:8      | Reached skill level 5 in Invocations
  5765 | D:8      | Reached skill level 11 in Axes
  5807 | D:8      | Reached XP level 10. HP: 47/81 MP: 15/15
  5828 | D:8      | Found a staircase to the Lair.
  5879 | D:8      | Noticed Joseph
  5901 | D:8      | Killed Joseph
  5917 | D:8      | Noticed Erica
  5932 | D:8      | Killed Erica
  5932 | D:8      | Reached skill level 12 in Axes
  5989 | D:8      | Found Amif's Food Boutique.
  6374 | Lair:1   | Entered Level 1 of the Lair of Beasts
  6475 | Lair:1   | Got an ichor-stained ring mail
  6535 | Lair:1   | Reached **** piety under Makhleb
  6535 | Lair:1   | Reached skill level 10 in Invocations
  7087 | Lair:2   | Noticed a spiny frog
  7094 | Lair:2   | Killed a spiny frog
  7154 | Lair:2   | Noticed Nergalle
  7157 | Lair:2   | Noticed a spiny frog
  7173 | Lair:2   | Killed Nergalle
  7173 | Lair:2   | Reached skill level 13 in Axes
  7176 | Lair:2   | Killed a spiny frog
  7225 | Lair:2   | Reached XP level 11. HP: 43/93 MP: 15/15
  7232 | Lair:2   | Reached skill level 5 in Fighting
  7384 | Lair:2   | Noticed a five-headed hydra
  7410 | Lair:2   | Killed a seven-headed hydra
  7468 | Lair:2   | HP: 2/96 [crocodile (7)]
  7475 | Lair:2   | Slain by a crocodile

Skill      XL: |  1  2  3  4  5  6  7  8  9 10 11 |
---------------+----------------------------------+-----
Axes           | 3 5 6 8 9 11 13 | 13.4
Evocations     | 2 4 5 8 |  8.5
Armour         | 4 5 |  5.1
Invocations    | 2 8 10 | 10.0
Fighting       | 4 5 |  5.4
Shields        | |  3.2

Action                   |  1- 3 |  4- 6 |  7- 9 | 10-12 || total
-------------------------+-------+-------+-------+-------++-------
Melee: War axe           |   118 |   173 |   553 |   216 ||  1060
Invok: Lesser Servant of |       |       |       |     3 ||     3
 Abil: Device Recharging |       |       |     1 |     3 ||     4
Evoke: Wand              |       |     2 |     7 |    16 ||    25
  Use: Scroll            |     3 |       |     7 |     4 ||    14
 Stab: Distracted        |       |       |       |     1 ||     1
  Eat: Chunk             |     1 |    13 |    14 |     6 ||    34
Armor: Scale mail        |    29 |       |       |       ||    29
       Plate armour      |    39 |    87 |   347 |   172 ||   645
Dodge: Dodged            |    26 |    13 |   101 |    55 ||   195
Block: Shield            |    55 |    75 |   333 |   180 ||   643
